 Dungeon Crawl Stone Soup version 0.22-a0-362-g535178c (webtiles) character file.

42 smeego the Skirmisher (level 3, -3/26 HPs)
             Began as an Octopode Fighter on Apr 21, 2018.
             Killed from afar by Robin (8 damage)
             ... with a wand of flame (31)
             ... on level 2 of the Dungeon.
             The game lasted 00:01:26 (1059 turns).

smeego the Skirmisher (Octopode Fighter)            Turns: 1059, Time: 00:01:27

Health: -3/26      AC:  1    Str: 20    XL:     3   Next: 54%
Magic:  3/3        EV: 11    Int: 11    God:
Gold:   83         SH:  9    Dex: 11    Spells: 2/2 levels left

rFire    . . .     SeeInvis .   a - +0 long sword
rCold    . . .     Gourm    .   b - +0 shield
rNeg     . . .     Faith    .   (helmet restricted)
rPois    .         Spirit   .   (no amulet)
rElec    .         Reflect  .   (no ring)
rCorr    .         Harm     .   (no ring)
MR       .....                  (no ring)
Stlth    +++.......             (no ring)
HPRegen  0.08/turn              (no ring)
MPRegen  0.08/turn              (no ring)
                                (no ring)
                                (no ring)

@: mighty
A: almost no armour, stealthy swim, amphibious, 8 rings, constrict 8, camouflage
1, gelatinous body 1
a: no special abilities


You were on level 2 of the Dungeon.
You were not hungry.

You visited 1 branch of the dungeon, and saw 2 of its levels.

You collected 83 gold pieces.

Inventory:

Hand Weapons
 a - a +0 long sword (weapon)
 e - a +1 short sword of protection
 i - a +0 hunting sling
Missiles
 h - 17 sling bullets
 k - 15 arrows
Armour
 b - a +0 shield (worn)
Jewellery
 l - an uncursed amulet of harm
Scrolls
 f - a scroll of remove curse {unknown}
 j - a scroll of magic mapping {unknown}
 m - a scroll of enchant weapon {unknown}
 n - a scroll of amnesia {unknown}
Potions
 c - a potion of might
Comestibles
 d - 4 rations


   Skills:
 + Level 3.2 Fighting
 * Level 2.7 Long Blades
 + Level 0.3 Slings
 + Level 3.1 Dodging
 + Level 1.4 Stealth
 + Level 3.1 Shields
 + Level 0.5 Unarmed Combat


You had 2 spell levels left.
You didn't know any spells.

Dungeon Overview and Level Annotations

Branches:
Dungeon (2/15)

Altars:

Annotations:
D:2 Robin


Innate Abilities, Weirdness & Mutations

You cannot wear most types of armour.
You are very stealthy in the water. (Stealth+)
You are amphibious.
You can wear up to eight rings at the same time.
You can use your tentacles to constrict eight enemies at once.
Your skin changes colour to match your surroundings (Stealth+).
Your rubbery body absorbs attacks. (AC +1, EV +1)


Message History

Unknown command.
You slash the goblin!
You kill the goblin!
The goblin closely misses you. The goblin barely misses you.
You riposte.
You slash the goblin!
You kill the goblin!
You block the goblin's attack.
A goblin comes into view. It is wielding a club.
You closely miss the hobgoblin. You grab the hobgoblin.
You kill the hobgoblin!
The goblin hits you but does no damage.
The goblin moves out of view.
Robin throws the goblin at you!
* * * LOW HITPOINT WARNING * * *
You block the goblin's attack. x2
Unknown command.
You slash the goblin!
You kill the goblin!
The goblin no longer looks unusually strong.
Robin zaps a wand.
The puff of flame hits you!
You die...

#.......†....#..........#.
#####>.......'............
#.........#...######.#.
#....##...#...# #.#.
#.........#...######'#[
#...##....#...##.......
######........#...##.......
.......g###g..#.†.##.......
.......gg)@)..#...##.....†.
.......g#########†.......#.
.....[..# #.########.
........# #.#.....##.
..g.g...# #######.#.###.##.
g.g.....# #.......#.# #.##.
#####.### #.......#.# #.###
#. #.......#.# #.... #.
#.......#.####...


You could see Robin, a hobgoblin and 3 goblins.

Vanquished Creatures
  A worm (D:2)
  2 dart slugs
  7 goblins (D:2)
  7 hobgoblins
  2 jackals (D:1)
  3 kobolds
  A quokka (D:2)
  4 bats (D:1)
  A frilled lizard (D:2)
  2 rats
30 creatures vanquished.

Notes
Turn   | Place    | Note
-------+----------+-------------------------------------------
     0 | D:1      | smeego the Octopode Fighter began the quest for the Orb.
     0 | D:1      | Reached XP level 1. HP: 16/16 MP: 1/1
   229 | D:1      | Reached XP level 2. HP: 19/21 MP: 2/2
   790 | D:2      | Reached skill level 1 in Stealth
   938 | D:2      | Reached XP level 3. HP: 22/26 MP: 3/3
  1044 | D:2      | Noticed Robin
  1059 | D:2      | Killed from afar by Robin

Vault maps used:
D:1:      dpeg_arrival_shelter
D:2:      nicolae_gozag_cash_rules_everything_around_me,
          chequers_ecumenical_altar_island, uniq_robin

Skill      XL: |  1  2 |
---------------+-------+-----
Stealth        | 1 |  1.4
Fighting       | |  3.2
Long Blades    | |  2.7
Slings         | |  0.3
Dodging        | |  3.1
Shields        | |  3.1
Unarmed Combat | |  0.5

Action                   || total
-------------------------++-------
Melee: Long sword        ||    46
       Constrict         ||    15
       Tentacles         ||     7
  Use: Scroll            ||     1
       Potion            ||     2
 Stab: Sleeping          ||    10
Armor: Skin              ||     4
Dodge: Dodged            ||    20
Block: Shield            ||    23
       Rpst.: Long sword ||     7

Table legend:
 A = Spawn XP
 B = Non-spawn XP
 C = Spawn XP percentage of total XP
 D = Spawn monster count
 E = Non-spawn monster count
 F = Spawn count percentage of total count
 G = Total turns spent on level
                    A         B        C        D         E        F      G
               +---------+---------+-------+---------+---------+-------+---------
         Total |       0 |      60 |   0.0 |       0 |      30 |   0.0 |  1059
               +---------+---------+-------+---------+---------+-------+---------
           D:1 |       0 |      17 |   0.0 |       0 |      10 |   0.0 |   763
           D:2 |       0 |      43 |   0.0 |       0 |      20 |   0.0 |   296
               +---------+---------+-------+---------+---------+-------+---------
